 Dungeon Crawl Stone Soup version 0.28.0-53-g5a82cb258f (webtiles) character file.

Game seed: 10242829216010670931

70 Infinimo the Skirmisher (level 4, -8/48 HPs)
             Began as an Ogre Gladiator on June 3, 2022.
             Mangled by Crazy Yiuf
             ... wielding a +3 quarterstaff of chaos
              (19 damage)
             ... on level 2 of the Dungeon.
             The game lasted 00:01:30 (2734 turns).

Infinimo the Skirmisher (Ogre Gladiator)            Turns: 2734, Time: 00:01:30

Health: -8/48      AC:  4    Str: 20    XL:     4   Next: 22%
Magic:  4/4        EV: 10    Int:  9    God:
Gold:   127        SH:  0    Dex: 10    Spells: 3/3 levels left

rFire   . . .      SeeInvis .   p - +11 long sword of Autumn {drain, +Blink rN+}
rCold   . . .      Faith    .   (no shield)
rNeg    + . .      Spirit   .   b - +0 robe
rPois   .          Reflect  .   c - +0 hat
rElec   .          Harm     .   i - +0 cloak
rCorr   .          Rampage  .   (gloves unavailable)
Will    .....                   (boots unavailable)
Stlth   +.........              (no amulet)
HPRegen 0.16/turn               (no ring)
MPRegen 0.09/turn               (no ring)

@: no status effects
A: large, unfitting armour, tough skin 1
a: Evoke Blink


You were on level 2 of the Dungeon.
You visited 1 branch of the dungeon, and saw 2 of its levels.

You collected 127 gold pieces.

Inventory:

Hand Weapons
 a - a +0 flail
 p - the +11 long sword of Autumn (weapon) {drain, +Blink rN+}
   (You found it on level 2 of the Dungeon)

   A truly terrible weapon, it drains the life of any living foe it strikes.
   rN:        It protects you from negative energy.
   +Blink:    It lets you blink.
Missiles
 d - 3 throwing nets (quivered)
 n - 6 poisoned darts
Armour
 b - a +0 robe (worn)
 c - a +0 hat (worn)
 i - a +0 cloak (worn)
Jewellery
 k - an amulet of regeneration
Scrolls
 e - 2 scrolls of blinking {unknown}
 g - a scroll of fog {unknown}
 h - a scroll of noise {unknown}
 j - 2 scrolls of vulnerability {unknown}
 l - 2 scrolls of enchant weapon {unknown}
 m - a scroll of teleportation {unknown}
Potions
 f - a potion of degeneration {unknown}
 o - a potion of cancellation {unknown}


   Skills:
 + Level 3.7 Fighting
 * Level 3.7 Maces & Flails
 - Level 2.0 Throwing
 + Level 3.2 Dodging


You had 3 spell levels left.
You didn't know any spells.
Your spell library contained the following spells:

 Spells                   Type           Power      Damage    Failure   Level
 Apportation              Tloc           0%         N/A       38%         1
 Alistair's Intoxication  Tmut/Pois      0%         N/A       100%        5


Dungeon Overview and Level Annotations

Branches:
Dungeon (2/15)

Altars:

Annotations:
D:2 Crazy Yiuf


Innate Abilities, Weirdness & Mutations

You are too large for most types of armour.
You have tough skin. (AC +1)


Message History

You thump the hobgoblin!
You kill the hobgoblin!
No target in view!
No target in view!
You see here a hobgoblin corpse.
You see here a hobgoblin corpse.
There is a stone staircase leading down here.
Found a stone staircase leading up.
l - 2 scrolls labelled CUUCZO SEDAA (gained 1)
You now have 127 gold pieces (gained 5).
There is a stone staircase leading down here.
Key pressed, stopping explore.
Crazy Yiuf shouts!
Could not explore, unopened runed door.
Search for what [Enter for "."]?
You see here the +11 long sword of Autumn {drain, +Blink rN+}.
p - the +11 long sword of Autumn {drain, +Blink rN+} You sense an unholy aura.
p - the +11 long sword of Autumn (weapon)
{drain, +Blink rN+}
There is a stone staircase leading up here.
There is a stone staircase leading down here.
Crazy Yiuf whimpers, "Powder leg ladder!"
Could not explore, unopened runed door.
Could not explore, unopened runed door.
Could not explore, unopened runed door.
You open the door. You slash Crazy Yiuf! You drain Crazy Yiuf.
Crazy Yiuf is almost dead.
Crazy Yiuf closely misses you.
You barely miss Crazy Yiuf.
Crazy Yiuf is almost dead.
Crazy Yiuf barely misses you.
Crazy Yiuf hits you with a +3 quarterstaff of chaos.
You are electrocuted!
You barely miss Crazy Yiuf.
Crazy Yiuf is almost dead.
Crazy Yiuf hits you with a +3 quarterstaff of chaos!
* * * LOW HITPOINT WARNING * * *
You are electrocuted!!
You die...

###########.#
#......
..........###
#......
#########.#
#...... # #.#
##### ####.#.
# #.## #..)#
#.#. # #..#
#...# #.#. #
#### ... #.#.
# #g# #.#. #
♣♣@♣ #.#.
####### ♣.♣♣
#### #[#.
.†....# ♣♣.♣
#'.# #.#.
.####.# ♣.♣♣
##.######.#.
.####.# ♣♣.♣♣
#.#......#.
....#.#
♣.P.♣♣
#.#.######.
###.#.######
♣.PP.♣ #.#.#
#. #
#.#......#
#....# #.#.#
#.
###.########
#....# #.#.#
#.


You could see Crazy Yiuf (drained).

Vanquished Creatures
  Jessica (D:2)
  An adder (D:2)
  A dart slug (D:1)
  6 endoplasms
  A giant cockroach (D:2)
  2 goblins
  2 hobgoblins
  5 kobolds
  A quokka (D:2)
  3 ball pythons
  3 bats (D:1)
  4 frilled lizards
  2 rats (D:2)
32 creatures vanquished.

Notes
Turn   | Place    | Note
-------+----------+-------------------------------------------
     0 | D:1      | Infinimo the Ogre Gladiator began the quest for the Orb.
     0 | D:1      | Reached XP level 1. HP: 22/22 MP: 1/1
   366 | D:1      | Reached XP level 2. HP: 29/29 MP: 2/2
  1352 | D:2      | Reached XP level 3. HP: 37/37 MP: 3/3
  1626 | D:2      | Found a runed translucent door.
  1627 | D:2      | Noticed Crazy Yiuf
  2024 | D:2      | Noticed Jessica
  2030 | D:2      | Killed Jessica
  2031 | D:2      | Reached XP level 4. HP: 41/48 MP: 4/4
  2625 | D:2      | Identified the +11 long sword of Autumn {drain, +Blink rN+}
  2734 | D:2      | Mangled by Crazy Yiuf

Illustrated notes

Levels and vault maps discovered:
D:1:      psy_arrival_heroes, layout_loops_ring, minmay_misc_feat_iff,
          st_stairs_2
D:2:      layout_basic, serial_bayou_pond_d, minmay_stone_trees_small,
          minmay_pentomino_pile, uniq_jessica, uniq_crazy_yiuf_cottage

Skill      XL: |  1  2 |
---------------+-------+-----
Fighting       | 3 |  3.7
Maces & Flails | 3 |  3.7
Dodging        | 3 |  3.2
Throwing       | |  2.0

Action                   |  1- 3 |  4- 6 || total
-------------------------+-------+-------++-------
Melee: Flail             |   126 |     5 ||   131
       Punch             |     2 |       ||     2
       Long sword        |       |     3 ||     3
Armor: Robe              |    48 |       ||    48
Dodge: Dodged            |    83 |     5 ||    88
